 Dungeon Crawl Stone Soup version 0.18.1-50-g88ac8fd (webtiles) character file.

251 Duraxyll the Covered (level 5, -1/41 HPs)
             Began as a Demonspawn Berserker on Sept 21, 2016.
             Was a Believer of Trog.
             Slain by an orc
             ... wielding a +0 trident
              (3 damage)
             ... on level 3 of the Dungeon.
             The game lasted 00:09:15 (1974 turns).

Duraxyll the Covered (Demonspawn Berserker)         Turns: 1974, Time: 00:09:16

Health: -1/41      AC:  9    Str: 18    XL:     5   Next: 88%
Magic:  5/5        EV: 12    Int:  8    God:    Trog [**....]
Gold:   155        SH:  0    Dex: 13    Spells: 0 memorised, 4 levels left

rFire  + . .     SeeInvis .     o - +0 spear (venom)
rCold  x . .     Gourm    .     f - +0 ring mail
rNeg   . . .     Faith    .     (no shield)
rPois  .         Spirit   .     t - +1 hat
rElec  .         Dismiss  .     (no cloak)
rCorr  .         Reflect  .     q - +0 pair of gloves
SustAt .         Harm     .     (no boots)
MR     .....                    r - amulet of magic regeneration
Stlth  +.........               (no ring)
                                i - ring of fire

@: not resistant to hostile enchantments, very unstealthy
A: slimy green scales 1, demonic guardian 2, powered by pain 1
a: Berserk, Trog's Hand, Burn Spellbooks, Renounce Religion


You were on level 3 of the Dungeon.
You worshipped Trog.
Trog was pleased with you.
You were hungry.

You visited 1 branch of the dungeon, and saw 3 of its levels.

You collected 155 gold pieces.

Inventory:

Hand Weapons
 a - a +0 hand axe
 o - a +0 spear of venom (weapon)
Armour
 f - a +0 ring mail (worn)
 h - a +0 helmet
 q - a +0 pair of gloves (worn)
 t - a +1 hat (worn)
Jewellery
 i - a ring of fire (left hand)
 r - an amulet of magic regeneration (around neck)
Scrolls
 b - a scroll of remove curse {unknown}
 e - 2 scrolls of enchant armour {unknown}
 j - 4 scrolls of identify
 k - a scroll of blinking {unknown}
 l - 2 scrolls of fog {unknown}
 m - 2 scrolls of recharging {unknown}
 n - a scroll of teleportation {unknown}
 w - a scroll of noise {unknown}
Potions
 g - a potion of cure mutation
 s - a potion of might
 x - a potion of lignification {unknown}
Comestibles
 c - 3 bread rations
 d - a chunk of flesh
 p - 2 meat rations
 u - a slice of pizza
 v - 2 fruits


   Skills:
 + Level 3.5 Fighting
 + Level 3.1(3.5) Axes
 * Level 2.1(3.0) Polearms
 + Level 3.6 Armour
 + Level 2.9 Dodging
 + Level 0.2 Stealth


You had 4 spell levels left.
You didn't know any spells.

Dungeon Overview and Level Annotations

Branches:
Dungeon (3/15)

Altars:


Innate Abilities, Weirdness & Mutations

You are partially covered in slimy green scales (AC +2).
A demonic guardian rushes to your aid.
You sometimes gain a little power by taking damage.


Message History

The orc misses you. The orc priest closely misses you.
You barely miss the orc priest.
The orc priest is severely wounded.
The orc hits you but does no damage.
You closely miss the orc priest.
The orc priest is almost dead.
The orc priest calls down the wrath of Beogh upon you.
Pain shoots through your body!
* * * LOW HITPOINT WARNING * * *
The orc misses you.
You hit the orc priest.
You kill the orc priest!
Trog accepts your kill.
You hit the orc but do no damage. The orc hits you but does no damage. x2
You completely miss the orc. The orc barely misses you.
The orc closely misses you.
You hit the orc.
The orc is poisoned.
The orc is lightly wounded.
The orc hits you from afar with a trident.
You die...

..... #.. # .... ### #. ...
######## .##.o #......# ...
#......# . + #.##+###
#####......## ...#.###.##...#
#...'......'.
#.........o##.###.###......##
...........o@..<.............
#.###.#..#.######.###########
.........[................
#.###.##.##.###############
#. #.##.##......# # #
#....##......# #
.#########......#
..........รท.....#
################# #


You could see 2 orcs.

Vanquished Creatures
  The ghost of Inkary the Chopper, an amateur HOAK of Lugonu (D:3)
  An orc priest (D:3)
  2 adders (D:2)
  4 worms (D:2)
  2 dart slugs
  4 giant geckos
  2 orcs (D:3)
  6 giant cockroaches
  7 goblins
  4 hobgoblins
  2 kobolds
  5 bats
  2 giant newts
  7 rats
49 creatures vanquished.

Notes
Turn   | Place    | Note
--------------------------------------------------------------
     0 | D:1      | Duraxyll the Demonspawn Berserker began the quest for the Orb.
     0 | D:1      | Reached XP level 1. HP: 18/18 MP: 1/1
   296 | D:1      | Gained mutation: You are partially covered in slimy green scales (AC +2). [demonic ancestry]
   296 | D:1      | Reached XP level 2. HP: 24/24 MP: 2/2
   896 | D:2      | Gained mutation: You sometimes gain a little power by taking damage. [demonic ancestry]
   896 | D:2      | Reached XP level 3. HP: 19/29 MP: 3/3
  1100 | D:2      | Reached ** piety under Trog
  1382 | D:2      | Reached skill level 1 in Polearms
  1382 | D:2      | Gained mutation: A weak demonic guardian rushes to your aid. [demonic ancestry]
  1382 | D:2      | Reached XP level 4. HP: 10/35 MP: 4/4
  1545 | D:3      | Noticed Inkary's ghost (amateur HOAK)
  1560 | D:3      | Killed Inkary's ghost
  1560 | D:3      | Gained mutation: A demonic guardian rushes to your aid. [demonic ancestry]
  1560 | D:3      | Reached XP level 5. HP: 41/41 MP: 5/5
  1970 | D:3      | HP: 1/41 [orc priest/nerve-wracking pain (5)]
  1974 | D:3      | Slain by an orc

Skill      XL: |  1  2  3  4 |
---------------+-------------+-----
Dodging        | 2 |  2.9
Armour         | 2 3 |  3.6
Axes           | 3 |  3.1
Polearms       | 1 2 |  2.1
Fighting       | |  3.5
Stealth        | |  0.2

Action                   |  1- 3 |  4- 6 || total
-------------------------+-------+-------++-------
Melee: Hand axe          |    23 |       ||    23
       Spear             |    89 |    50 ||   139
Invok: Berserk           |     1 |     1 ||     2
  Use: Potion            |     2 |       ||     2
       Scroll            |       |     1 ||     1
  Eat: Chunk             |     1 |     4 ||     5
Armor: Animal skin       |     3 |       ||     3
       Ring mail         |    40 |    12 ||    52
Dodge: Dodged            |    67 |    31 ||    98
